 Dungeon Crawl Stone Soup version 0.31.0-32-g396128a36d (webtiles) character file.

Game seed: 4807035082653047721

15257 bearlyready the Severer (level 12, -12/151 HPs)
             Began as a Hill Orc Berserker on Mar 29, 2024.
             Was an Elder of Trog.
             Mangled by a skeletal warrior
             ... wielding a +0 glaive
              (13 damage)
             ... on level 12 of the Dungeon.
             The game lasted 00:17:14 (10905 turns).

bearlyready the Severer (Hill Orc Berserker)       Turns: 10905, Time: 00:17:15

Health: -12/151    AC: 14    Str: 25    XL:     12   Next: 25%
Magic:  12/12      EV:  7    Int:  7    God:    Trog [****..]
Gold:   882        SH:  5    Dex: 10    Spells: 11/11 levels left

rFire   . . .        H - +5 battleaxe
rCold   + . .        (shield currently unavailable)
rNeg    . . .        D - +0 plate armour
rPois   .            O - +0 helmet
rElec   +            (no cloak)
rCorr   +            t - +1 pair of gloves
SInv    .            (no boots)
Will    +....        n - amulet of Woxylo {Reflect rElec SH+5} Stlth
                     y - ring of willpower
HPRegen 0.45/turn    J - ring of resist corrosion
MPRegen 0.13/turn

%: reflection
@: berserking (expiring), on fire, glowing, very quick
A: cold resistance 1
a: Renounce Religion, Berserk, Trog's Hand, Brothers in Arms


You were on level 12 of the Dungeon.
You worshipped Trog.
Trog was greatly pleased with you.
You visited 2 branches of the dungeon, and saw 13 of its levels.

You collected 882 gold pieces.

Inventory:

Hand Weapons
 a - a +0 hand axe
 r - the +5 dagger of World's End {flame, *Slow rElec Str+4}
   (You found it on level 3 of the Dungeon)

   Str+4:     It affects your strength (+4).
   rElec:     It insulates you from electricity.
   *Slow:     It may slow you when you take damage.
 u - a +5 antimagic hand axe
 x - a +3 war axe
 H - a +5 battleaxe (weapon)
Missiles
 i - 6 boomerangs
 k - 19 poisoned darts (quivered)
 s - 6 atropa-tipped darts
 I - a curare-tipped dart
Armour
 t - a +1 pair of gloves (worn)
 D - a +0 plate armour (worn)
 M - +0 steam dragon scales
 O - a +0 helmet (worn)
 R - the +3 hat of Pondering {ponderous, Will+ MP+10 Int+5}
   (You took it off Gastronok on level 11 of the Dungeon)

   Int+5:     It affects your intelligence (+5).
   Will+:     It increases your willpower.
   MP+10:     It affects your magic capacity (+10).
Jewellery
 c - an amulet of guardian spirit
 n - the amulet of Woxylo (around neck) {Reflect rElec SH+5}
   (You found it on level 2 of the Dungeon)

   [amulet of reflection]

   Reflect:   It reflects blocked missile attacks.
   rElec:     It insulates you from electricity.
   SH+5:      It affects your SH (+5).
 y - a ring of willpower (left hand)
 J - a ring of resist corrosion (right hand)
 N - a ring of willpower
 P - a ring of protection from fire
 S - a ring of ice
Wands
 E - a wand of iceblast (10)
 K - a wand of mindburst (4)
 L - a wand of paralysis (2)
Scrolls
 b - a scroll of identify
 d - 2 scrolls of revelation
 e - a scroll of butterflies {unknown}
 f - 2 scrolls of enchant weapon {unknown}
 h - a scroll of poison {unknown}
 j - 2 scrolls of vulnerability
 l - 2 scrolls of enchant armour
 m - 2 scrolls of immolation {unknown}
 o - 3 scrolls of fog {unknown}
 p - 3 scrolls of fear {unknown}
 q - 2 scrolls of blinking {unknown}
 C - 3 scrolls of teleportation {unknown}
 F - a scroll of noise {unknown}
Potions
 g - a potion of magic {unknown}
 v - a potion of lignification
 w - a potion of degeneration
 z - a potion of heal wounds {unknown}
 A - a potion of cancellation
 B - 3 potions of haste {unknown}
 G - a potion of might {unknown}
 Q - a potion of curing


   Skills:
 - Level 8.0 Fighting
 + Level 20.3 Axes
 + Level 7.2 Throwing
 - Level 2.1 Armour
 - Level 1.5 Dodging
 + Level 5.5 Evocations


You had 11 spell levels left.
You didn't know any spells.
Your spell library was empty.

Dungeon Overview and Level Annotations

Branches:
Dungeon (12/15)            Temple (1/1) D:6            Lair (0/5) D:9
    Orc (0/2) D:10

Altars:
Ashenzari
Cheibriados
Dithmenos
Elyvilon
Fedhas
Gozag
Hepliaklqana
Kikubaaqudgha
Makhleb
Nemelex Xobeh
Qazlal
Ru
Sif Muna
Trog
Uskayaw
Vehumet
Wu Jian
Xom
Yredelemnul
The Shining One

Shops:
D:11 *

Annotations:
D:4 Dowan, Duvessa


Innate Abilities, Weirdness & Mutations

Your flesh is cold resistant. (rC+)


Message History

Trog accepts your kill.
You slice the skeletal warrior!!
The skeletal warrior hits you with a +0 glaive!
* * * LOW HITPOINT WARNING * * *
The deep elf pyromancer points at you and mumbles some strange words.
The pyre arrow hits you.
You are covered in intense liquid fire!
The skeletal warrior hits you with a +0 broad axe!
* * * LOW HITPOINT WARNING * * *
Your Throwing skill increases to level 7!
Your Evocations skill increases to level 5!
You slice the skeletal warrior!!
You destroy the skeletal warrior!
Trog accepts your kill.
You hit the deep elf pyromancer. You slash the skeletal warrior!
The liquid fire burns you!
* * * LOW HITPOINT WARNING * * *
You cut the deep elf pyromancer into ribbons!!!
You kill the deep elf pyromancer!
Trog accepts your kill.
Trog appreciates your killing of a magic user.
You closely miss the skeletal warrior. The liquid fire burns you!
* * * LOW HITPOINT WARNING * * *
The skeletal warrior hits you with a +0 glaive!
* * * LOW HITPOINT WARNING * * *
You slash the skeletal warrior!
The skeletal warrior is moderately damaged.
The liquid fire burns you!
* * * LOW HITPOINT WARNING * * *
You barely miss the skeletal warrior.
The skeletal warrior is moderately damaged.
The liquid fire burns you!
* * * LOW HITPOINT WARNING * * *
You slice the skeletal warrior!!
The skeletal warrior is almost destroyed.
The liquid fire burns you!
* * * LOW HITPOINT WARNING * * *
The skeletal warrior hits you with a +0 glaive!
You die...

####+## #.....# #
#.....# #######'##
#.....# #.........
#.....# #.........
#.....#####)......?. #
#.....#...'.@z......
#####.....#.###)).......
....'.....#.# #.........
#####.....#.# #.........
#.....#.# #.........
#.....'.# ##########
#.....### #######


You could see a skeletal warrior.

Vanquished Creatures
  Gastronok (D:11)
  Fannar (D:11)
  Erica (D:11)
  2 two-headed ogres
  2 skeletal warriors (D:12)
  3 deep elf pyromancers (D:12)
  2 cyclopes (D:12)
  Maggie (D:10)
  A gargoyle (D:11)
  2 trolls
  A hornet (D:8)
  A slime creature (D:11)
  A vampire (D:12)
  A water elemental (D:11)
  A wraith (D:10)
  6 yaks (D:10)
  2 vampire mosquitoes (D:11)
  A wyvern (D:10)
  2 water moccasins (D:7)
  An acid dragon (D:11)
  3 ice beasts
  2 sky beasts (D:7)
  4 orc warriors
  2 black bears (D:5)
  2 ogres
  2 wolves (D:9)
  7 centaurs
  A phantom (D:7)
  2 kobold brigands
  A wyvern zombie (D:6)
  A necrophage (D:6)
  2 gnoll sergeants
  3 scorpions
  A water moccasin zombie (D:6)
  22 wights
  6 killer bees (D:10)
  4 electric eels (D:11)
  2 vampire bats (D:3)
  6 howler monkeys
  A bombardier beetle (D:5)
  A centaur zombie (D:6)
  2 hounds (D:5)
  A human zombie (D:6)
  4 jellies (D:6)
  A bullfrog zombie (D:6)
  3 orc priests
  An iguana (D:6)
  A sleepcap (D:7)
  10 orc wizards
  2 killer bee zombies (D:6)
  3 mummies (D:6)
  A howler monkey zombie (D:6)
  9 gnolls
  10 adders
  2 shadow imps (D:7)
  2 white imps
  An ufetubus (D:7)
  4 dart slugs
  2 ribbon worms
  19 orcs
  5 bats
  5 bat zombies (D:3)
  2 endoplasms
  3 giant cockroaches
  9 goblins
  8 hobgoblins (D:2)
  8 jackals
  13 kobolds
  5 quokkas
  6 ball pythons
  5 frilled lizards
  8 rats
263 creatures vanquished.

Notes
Turn   | Place    | Note
-------+----------+-------------------------------------------
     0 | D:1      | bearlyready the Hill Orc Berserker began the quest for the
                  | Orb.
     0 | D:1      | Reached XP level 1. HP: 19/19 MP: 1/1
   169 | D:1      | Reached XP level 2. HP: 26/26 MP: 2/2
   183 | D:1      | Reached skill level 5 in Axes
   314 | D:1      | Reached XP level 3. HP: 28/31 MP: 3/3
   352 | D:1      | Reached ** piety under Trog
   607 | D:2      | Reached skill level 6 in Axes
   706 | D:2      | Reached XP level 4. HP: 38/39 MP: 4/4
   793 | D:2      | Identified the amulet of Woxylo {Reflect rElec SH+5}
  1371 | D:3      | Reached skill level 7 in Axes
  1381 | D:3      | Reached *** piety under Trog
  1402 | D:3      | Found an ancient bone altar of Kikubaaqudgha.
  1407 | D:3      | Reached XP level 5. HP: 45/45 MP: 5/5
  1409 | D:3      | Reached skill level 8 in Axes
  1470 | D:3      | Identified the +5 dagger of World's End {flame, *Slow rElec
                  | Str+4}
  1697 | D:3      | Reached XP level 6. HP: 51/51 MP: 6/6
  1873 | D:3      | Found a shadowy altar of Dithmenos.
  2178 | D:4      | Reached skill level 9 in Axes
  2235 | D:4      | Reached skill level 10 in Axes
  2310 | D:4      | Reached XP level 7. HP: 44/57 MP: 7/7
  2529 | D:4      | Noticed Dowan
  2530 | D:4      | Noticed Duvessa
  2557 | D:4      | Gained mutation: Your flesh is cold resistant. (rC+)
                  | [potion of mutation]
  2570 | D:5      | Entered Level 5 of the Dungeon
  2575 | D:5      | HP: 2/57 [adder (2)]
  2869 | D:5      | Reached skill level 11 in Axes
  3150 | D:5      | Reached skill level 12 in Axes
  3150 | D:5      | Reached XP level 8. HP: 64/64 MP: 8/8
  3512 | D:5      | Reached skill level 13 in Axes
  3853 | D:6      | Reached skill level 14 in Axes
  4103 | D:6      | Found a staircase to the Ecumenical Temple.
  4109 | Temple   | Entered the Ecumenical Temple
  4198 | D:6      | Reached XP level 9. HP: 70/70 MP: 9/9
  4211 | D:6      | Reached **** piety under Trog
  4212 | D:6      | Reached skill level 15 in Axes
  4867 | D:6      | Reached skill level 16 in Axes
  4920 | D:6      | Found a basalt altar of Yredelemnul.
  4980 | D:6      | Found a sparkling altar of Nemelex Xobeh.
  4996 | D:6      | Found a snail-covered altar of Cheibriados.
  5409 | D:7      | Found a burning altar of Makhleb.
  5549 | D:7      | Reached skill level 17 in Axes
  5563 | D:7      | Reached XP level 10. HP: 71/77 MP: 10/10
  5751 | D:7      | Reached skill level 18 in Axes
  6402 | D:8      | Reached skill level 1 in Throwing
  7110 | D:8      | Found a glowing golden altar of the Shining One.
  7115 | D:8      | Found a white marble altar of Elyvilon.
  7115 | D:8      | Found a stormy altar of Qazlal.
  7124 | D:8      | Found a sacrificial altar of Ru.
  7127 | D:8      | Found a hazy altar of Hepliaklqana.
  7439 | D:9      | Reached skill level 5 in Fighting
  7443 | D:9      | Reached ***** piety under Trog
  7541 | D:9      | Found a staircase to the Lair.
  7550 | D:9      | Received a gift from Trog
  7740 | D:9      | Noticed a two-headed ogre
  7754 | D:9      | Killed a two-headed ogre
  8089 | D:10     | Entered Level 10 of the Dungeon
  8092 | D:10     | Found a staircase to the Orcish Mines.
  8153 | D:10     | Reached XP level 11. HP: 49/92 MP: 11/11
  8156 | D:10     | Reached skill level 19 in Axes
  8411 | D:10     | Noticed Maggie
  8430 | D:10     | Killed Maggie
  8513 | D:10     | Noticed a +0 short sword
  8513 | D:10     | Noticed a +0 dagger
  8514 | D:10     | Noticed a +0 short sword
  8514 | D:10     | Noticed a +0 falchion
  8514 | D:10     | Noticed a +0 spear
  8514 | D:10     | Noticed a +0 falchion
  8514 | D:10     | Noticed a +0 dagger
  8514 | D:10     | Noticed a +0 spear
  8625 | D:10     | Found a hide-covered altar of Uskayaw.
  9174 | D:11     | Noticed Erica
  9330 | D:11     | Killed Erica
  9331 | D:11     | Reached skill level 5 in Throwing
  9331 | D:11     | Reached skill level 1 in Evocations
  9511 | D:11     | Found Aourerig's Alliterative Armaments.
  9806 | D:11     | Noticed Gastronok
  9807 | D:11     | Noticed a two-headed ogre
  9820 | D:11     | Killed a two-headed ogre
  9834 | D:11     | Killed Gastronok
  9836 | D:11     | Noticed Fannar
  9846 | D:11     | Killed Fannar
 10161 | D:12     | Noticed a skeletal warrior
 10161 | D:12     | Noticed a skeletal warrior
 10162 | D:12     | Noticed a skeletal warrior
 10360 | D:12     | Noticed a cyclops
 10373 | D:12     | Killed a cyclops
 10432 | D:12     | Noticed a cyclops
 10439 | D:12     | Killed a cyclops
 10440 | D:12     | Reached skill level 20 in Axes
 10440 | D:12     | Reached XP level 12. HP: 74/101 MP: 12/12
 10901 | D:12     | Reached skill level 5 in Evocations
 10904 | D:12     | HP: 5/151 [burnt (3)]
 10905 | D:12     | HP: 1/151 [burnt (4)]
 10905 | D:12     | Mangled by a skeletal warrior

Illustrated notes

Levels and vault maps discovered:
D:1:      dpeg_arrival_snail, layout_rooms
D:2:      layout_loops_ring, guppyfry_early_orc_mine
D:3:      layout_loops_cross, nicolae_dithmenos_through_a_glass_darkly,
          kennysheep_vampire_church
D:4:      layout_loops_ring, mainiacjoe_overflow_24_doors,
          mainiacjoe_overflow_surrounded_room, kennysheep_small_spiral,
          uniq_duvessa
D:5:      layout_gridville, kennysheep_dice
D:6:      kennysheep_spiral_hall, layout_layer_cave,
          lemuel_mausoleum_altar_yredelemnul, jmf_multi_god_temple2,
          minmay_temple_entry_ruins
D:7:      layout_basic, lightli_temple_of_fire, minmay_diced_spiral
D:8:      layout_cave_pools, minmay_overflow_temple_star_hex,
          hangedman_decor_lopped
D:9:      layout_cave_pools, erik_lair_orcish_takeover
D:10:     layout_loops_ring, nicolae_uskayaw_en_pointe, orc_0_dummy, uniq_maggie
D:11:     layout_basic, monkooky_shop_alliterative, uniq_gastronok, uniq_erica,
          uniq_fannar
D:12:     layout_roguey
Temple:   nicolae_temple_ecumenical_triangle

Skill      XL: |  1  2  3  4  5  6  7  8  9 10 11 12 |
---------------+-------------------------------------+-----
Axes           | 5 6 7 8 10 12 14 17 18 20 | 20.3
Fighting       | 7 8 |  8.0
Throwing       | 4 6 7 |  7.2
Evocations     | 4 5 |  5.5
Armour         | |  2.1
Dodging        | |  1.5

Action                     |  1- 3 |  4- 6 |  7- 9 | 10-12 || total
---------------------------+-------+-------+-------+-------++-------
  Melee: Hand axe          |    92 |   158 |       |       ||   250
         War axe           |       |     8 |   269 |   116 ||   393
         Punch             |       |     3 |     6 |     3 ||    12
         Unarmed           |       |       |    10 |       ||    10
         Battleaxe         |       |       |       |   187 ||   187
  Throw: Throwing net      |       |       |     1 |       ||     1
         Dart              |       |       |       |     8 ||     8
 Invoke: Berserk           |       |     4 |     2 |    10 ||    16
  Evoke: Wand              |       |       |       |    11 ||    11
    Use: Potion            |       |       |     7 |       ||     7
         Scroll            |       |       |     4 |     1 ||     5
 Armour: Animal skin       |    20 |       |       |       ||    20
         Ring mail         |    32 |   119 |   134 |    76 ||   361
         Skin              |       |       |     6 |       ||     6
         Plate armour      |       |       |       |   107 ||   107
  Dodge: Dodged            |    46 |   102 |    90 |    85 ||   323
  Block: Other             |       |    32 |    51 |    53 ||   136
         Reflection        |       |       |     2 |     3 ||     5
